AoeStats
← Clueless Clown

MegaRandom

509423100Analyzed
2v2 RM · 4d ago on Sep 26, 2026· 49m 35s· 4 players
Game mode
Random Map
Map size
Medium (4 player)
Population
200
Speed
Normal
Resources
Standard
Victory
Conquest
Starting age
Dark Age
Ending age
Imperial Age
RankedLock teamsTeams togetherTeam positionsShared explorationLock speedFull tech treeHidden civsTurbo modeCheats
Victory
Defeat
🇸🇰 Varangians · Slovakia
982
+17
🇨🇿 Berbers · Czechia
982
+17
🇺🇸 Jurchens · United States
1013
-17
🇺🇸 Mongols · United States
996
-17
DressComic11760
0:37 Loom
11:33 Feudal Age
17:19 Castle Age
18:44 Forging
20:01 Double-Bit Axe
21:23 Fervor
25:06 Wheelbarrow
26:02 Town Watch
26:17 Pikeman
29:55 Iron Casting
32:27 Bloodlines
32:18 Husbandry
32:38 Scale Barding Armor
36:29 Devotion
37:12 Hand Cart
37:15 Fletching
40:26 Nomads
41:57 Town Patrol
44:51 Imperial Age
44:58 Heavy Camel Rider
46:30 Hoardings
47:12 Drill
47:10 Bow Saw
47:04 Capped Ram
Clueless Clown
7:56 Loom
10:39 Feudal Age
14:39 Castle Age
12:53 Scale Mail Armor
14:31 Double-Bit Axe
15:30 Squires
18:51 Arson
21:00 Chain Mail Armor
20:40 Gambesons
Spajkyiyiy
8:37 Loom
11:19 Feudal Age
12:37 Double-Bit Axe
15:01 Bloodlines
17:36 Horse Collar
25:07 Castle Age
23:48 Forging
24:10 Stone Mining
24:14 Gold Mining
25:09 Wheelbarrow
25:50 Scale Barding Armor
27:27 Husbandry
28:33 Iron Casting
30:56 Chain Barding Armor
31:49 Vendel Legacy
33:05 Town Watch
37:14 Heavy Plow
40:25 Bow Saw
43:25 Imperial Age
42:06 Hand Cart
43:18 Gambesons
43:53 Cavalier
44:44 Squires
44:31 Arson
45:16 Scale Mail Armor
46:17 Blast Furnace
46:26 Elite Varangian Guard
48:19 Chain Mail Armor
48:10 Gothikon
Djurro
3:46 Loom
11:25 Feudal Age
18:03 Castle Age
19:35 Fletching
21:56 Padded Archer Armor
26:25 Wheelbarrow
30:53 Bodkin Arrow
31:29 Town Watch
32:46 Double-Bit Axe
35:19 Leather Archer Armor
37:34 Hand Cart
39:03 Gold Mining
39:04 Stone Mining
43:37 Imperial Age
43:13 Forging
43:35 Scale Barding Armor
44:46 Conscription
45:31 Chemistry
44:43 Masonry
45:16 Horse Collar
46:45 Ballistics
47:09 Husbandry
47:34 Bloodlines
47:29 Elite Genitour
Connection lost

Rejoining the realm…

Still unreachable

The connection could not be restored.

Session expired

The server has moved on; the page needs a fresh start.